 Dungeon Crawl Stone Soup version 0.28-a0-1190-g77e1c55843 (webtiles) character file.

Game seed: 7223637780295972098

636 Lavandula the Ruffian (level 7, -2/48 HPs)
             Began as a Formicid Transmuter on Dec 18, 2021.
             Slain by a gnoll shaman (10 damage)
             ... on level 5 of the Dungeon.
             The game lasted 00:06:42 (5385 turns).

Lavandula the Ruffian (Formicid Transmuter)         Turns: 5385, Time: 00:06:42

Health: -2/48      AC:  2    Str: 15    XL:     7   Next: 79%
Magic:  9/10       EV: 10    Int: 14    God:
Gold:   205        SH:  0    Dex: 22    Spells: 0/10 levels left

rFire   . . .      SeeInvis .     - Unarmed
rCold   . . .      Faith    .   (shield currently unavailable)
rNeg    . . .      Spirit   .   (armour currently unavailable)
rPois   x          Reflect  .   (helmet unavailable)
rElec   .          Harm     .   (cloak currently unavailable)
rCorr   .          Rampage  .   (gloves currently unavailable)
Will    .....                   (boots currently unavailable)
Stlth   ++........              (no amulet)
HPRegen 0.16/turn               l - +6 ring of dexterity
MPRegen 0.12/turn               (no ring)

@: spider-form, held
A: venomous fangs, permanent stasis, dig shafts and tunnels, tiny, (antennae 3),
four strong arms
a: End Transformation


You were on level 5 of the Dungeon.
You were a venomous arachnid creature.
You visited 1 branch of the dungeon, and saw 5 of its levels.

You collected 205 gold pieces.

Inventory:

Hand Weapons
 i - a +3 quarterstaff of chaos
Armour
 a - a +0 robe (melded)
 j - a +0 cloak (melded)
Jewellery
 l - a +6 ring of dexterity (left front leg)
Scrolls
 c - a scroll of magic mapping {unknown}
 f - a scroll of immolation {unknown}
 g - a scroll of fog {unknown}
 h - 2 scrolls of identify {unknown}
 m - a scroll of silence {unknown}
 o - a scroll of acquirement {unknown}
 p - a scroll of enchant weapon {unknown}
Potions
 d - 2 potions of brilliance {unknown}
 e - 2 potions of flight {unknown}
 k - a potion of degeneration {unknown}
 n - 3 potions of curing {unknown}


   Skills:
 - Level 1.1 Fighting
 - Level 1.7 Dodging
 + Level 6.9 Unarmed Combat
 - Level 2.1 Spellcasting
 - Level 5.0 Transmutations
 - Level 3.0 Poison Magic


You couldn't memorise any spells.
You knew the following spells:

 Your Spells              Type           Power      Damage    Failure   Level
a - Beastly Appendage     Tmut           30%        N/A       11%         1
b - Wereblood             Tmut           15%        N/A       14%         2
c - Spider Form           Tmut/Pois      12%        N/A       32%         3
d - Ice Form              Ice/Tmut       8%         N/A       82%         4

Your spell library contained the following spells:

 Spells                   Type           Power      Damage    Failure   Level
 Shock                    Conj/Air       4%         1d3       45%         1
 Airstrike                Air            0%         N/A       98%         4
 Swiftness                Air            Unusable   N/A       N/A         3

Dungeon Overview and Level Annotations

Branches:
Dungeon (5/15)
 Temple: D:4-7

Altars:
Qazlal


Innate Abilities, Weirdness & Mutations

You are a venomous arachnid creature.
You have poisonous fangs.
You are tiny and dextrous.
Your spellcasting is less reliable in this form.
Your armour is entirely melded.
You are incapable of wielding weapons or throwing items.
You cannot be hasted, slowed, berserked, paralysed or teleported.
You can dig through walls and to a lower floor.
((You have a pair of large antennae on your head. (SInv)))
Your four strong arms can wield two-handed weapons with a shield.


Message History

Your +0 cloak melds into your body.
Your +0 robe melds into your body.
The gnoll completely misses you.
You hit the gnoll.
The gnoll is moderately wounded.
You bite the gnoll!
The gnoll looks as sick as possible!
The gnoll is heavily wounded.
You hit the gnoll shaman.
The gnoll shaman is lightly wounded.
The gnoll shaman calls upon its god to heal the gnoll.
The gnoll is healed somewhat.
You bite the gnoll shaman!
The gnoll shaman is poisoned.
The gnoll shaman is heavily wounded.
You hit the gnoll shaman.
The gnoll shaman is almost dead.
The gnoll shaman mumbles some strange prayers to its god.
The gnoll shaman is healed somewhat.
The gnoll barely misses you.
You completely miss the gnoll shaman.
The gnoll shaman is severely wounded.
The gnoll misses you. The gnoll completely misses you.
The gnoll shaman hits you with a +0 whip!
The gnoll throws a throwing net.
The throwing net hits you.
You become entangled in the net!
You see here a throwing net.
You struggle against the net.
The gnoll shaman calls upon its god to heal the gnoll.
The gnoll is healed somewhat.
The gnoll barely misses you.
You struggle against the net.
The gnoll hits you from afar with a +0 halberd.
The gnoll shaman hits you with a +0 whip.
The gnoll hits you with a +0 club.
You struggle against the net.
The gnoll misses you. The gnoll hits you with a +0 whip.
The gnoll shaman calls upon its god to heal the gnoll.
The gnoll is healed somewhat.
The gnoll hits you with a +0 club.
You struggle against the net.
The gnoll hits you from afar with a +0 halberd!
* * * LOW HITPOINT WARNING * * *
The gnoll barely misses you.
The gnoll shaman hits you with a +0 whip!
You die...

############
##..........##
##............## ......#
#..............# ......#
#..............# ......#
#..<...........# .......
#..............# .......
#............s.# .......
##..........ggg##......#
##^...........g..<....#
###########.....#.####
####....# ##...#
#####..#########
................
...............†


You could see a gnoll shaman (poisoned) and 3 gnolls.

Vanquished Creatures
  Sigmund (D:2)
  2 ogres
  A centaur (D:5)
  Crazy Yiuf (D:2)
  2 iguanas (D:4)
  4 gnolls (D:4)
  4 adders
  2 dart slugs
  5 orcs
  6 bats
  11 endoplasms
  3 giant cockroaches
  4 goblins
  4 hobgoblins
  6 jackals
  11 kobolds
  2 quokkas (D:2)
  A ball python (D:4)
  6 rats
76 creatures vanquished.

Vanquished Creatures (others)
  A fungus (D:2)
  4 plants
5 creatures vanquished.

Grand Total: 81 creatures vanquished

Notes
Turn   | Place    | Note
-------+----------+-------------------------------------------
     0 | D:1      | Lavandula the Formicid Transmuter began the quest for the
                  | Orb.
     0 | D:1      | Reached XP level 1. HP: 15/15 MP: 3/3
   381 | D:1      | Reached XP level 2. HP: 16/21 MP: 3/5
   696 | D:1      | Found a faded altar of an unknown god.
  1038 | D:2      | Noticed Sigmund
  1081 | D:1      | Reached skill level 4 in Unarmed Combat
  1081 | D:1      | Reached XP level 3. HP: 14/26 MP: 6/6
  1099 | D:1      | Learned a level 2 spell: Wereblood
  1103 | D:1      | Learned a level 3 spell: Spider Form
  1510 | D:2      | Reached skill level 1 in Poison Magic
  1831 | D:2      | Reached XP level 4. HP: 24/32 MP: 2/7
  2640 | D:2      | Killed Sigmund
  2641 | D:2      | Reached skill level 5 in Transmutations
  2641 | D:2      | Reached XP level 5. HP: 20/37 MP: 2/8
  2641 | D:2      | Reached XP level 6. HP: 23/43 MP: 2/9
  2908 | D:2      | Found a runed translucent door.
  2909 | D:2      | Noticed Crazy Yiuf
  2918 | D:2      | Killed Crazy Yiuf
  3185 | D:3      | Noticed an ogre
  3193 | D:3      | Killed an ogre
  3194 | D:3      | Reached skill level 5 in Unarmed Combat
  3968 | D:4      | Reached XP level 7. HP: 48/48 MP: 6/10
  4576 | D:4      | Reached skill level 6 in Unarmed Combat
  4641 | D:4      | Found a stormy altar of Qazlal.
  5004 | D:5      | Entered Level 5 of the Dungeon
  5038 | D:4      | Learned a level 4 spell: Ice Form
  5385 | D:5      | Slain by a gnoll shaman

Illustrated notes

Levels and vault maps discovered:
D:1:      doesnt_arrival_eight_statues, layout_loops_cross,
          shapermc_ecumenical_altar_mp_urbaneastern, minmay_pentomino_s2
D:2:      layout_basic, serial_forest, infiniplex_forest_zigzag_1,
          infiniplex_forest_lined_corner, infiniplex_forest_corner_1,
          infiniplex_forest_clump_curved, infiniplex_forest_pool,
          infiniplex_forest_straight_3, infiniplex_forest_straight_2,
          bh_walls_and_bars, uniq_sigmund, uniq_crazy_yiuf_cottage
D:3:      layout_basic
D:4:      layout_cave_pods, nicolae_overflow_hidden_temple
D:5:      layout_rooms, kb_lookout_dungeons_type

Skill      XL: |  1  2  3  4  5  6  7 |
---------------+----------------------+-----
Unarmed Combat | 4 5 6 |  6.9
Poison Magic   | 2 3 |  3.0
Transmutations | 5 |  5.0
Fighting       | |  1.1
Dodging        | |  1.7
Spellcasting   | |  2.1

Action                   |  1- 3 |  4- 6 |  7- 9 || total
-------------------------+-------+-------+-------++-------
Melee: Unarmed           |    75 |    88 |    44 ||   207
       Kick              |     6 |     5 |       ||    11
       Punch             |     1 |     1 |       ||     2
 Cast: Beastly Appendage |    12 |     7 |       ||    19
       Spider Form       |     4 |    10 |    11 ||    25
 Abil: Dig               |     1 |       |       ||     1
  Use: Scroll            |       |       |     1 ||     1
 Stab: Sleeping          |       |     1 |       ||     1
Armor: Robe              |    18 |    14 |       ||    32
       Skin              |     2 |     3 |     3 ||     8
Dodge: Dodged            |    47 |    63 |    40 ||   150

Table legend: (Time is in decaauts)
 A = Elapsed time spent in this place.
 B = Non-inter-level travel time spent in this place.
 C = Inter-level travel time spent in this place.
 D = Time resting spent in this place.
 E = Time spent auto-exploring this place.
 F = Levels seen in this place.
 G = Mean time per level.
                   A        B        C        D        E       F      G
               +--------+--------+--------+--------+--------+-----+--------+
         Total |   5372 |   5113 |    259 |    504 |   3854 |   5 | 1074.4 |
       Dungeon |   5372 |   5113 |    259 |    504 |   3854 |   5 | 1074.4 |
               +--------+--------+--------+--------+--------+-----+--------+

Top non-repeatable levels by time:
     D:2: 1877 daAuts
     D:4: 1483 daAuts
     D:1: 1109 daAuts
     D:3: 818 daAuts
     D:5: 82 daAuts
